 Dungeon Crawl Stone Soup version 0.26.0-16-gc1dbca0489 (webtiles) character file.

Game seed: 17640670419767603136

48303 snetch the Fighter (level 14, -6/198 HPs)
             Began as a Minotaur Berserker on Jan 19, 2021.
             Was the Champion of Trog.
             Mangled by Agnes
             ... wielding a +2 spectral lajatang
              (24 damage)
             ... on level 14 of the Dungeon.
             The game lasted 01:15:12 (17602 turns).

snetch the Fighter (Minotaur Berserker)            Turns: 17602, Time: 01:15:13

Health: -6/198     AC: 15    Str: 32    XL:     14   Next: 11%
Magic:  4/4        EV: 17    Int:  8    God:    Trog [******]
Gold:   570        SH:  0    Dex: 11    Spells: 13/13 levels left

rFire    . . .     SeeInvis .   b - +2 hand axe (freeze)
rCold    . . .     Faith    +   (no shield)
rNeg     . . .     Spirit   .   W - +1 chain mail "Lits" {Rampage +Fly rPois MP-9}
rPois    +         Reflect  .   (helmet restricted)
rElec    .         Harm     .   i - scarf {repulsion}
rCorr    .         Rampage  +   (no gloves)
Will     ++...                  L - +0 pair of boots of Pantheism {Will+ Int+4}
Stlth    ..........             j - amulet of faith
HPRegen  0.43/turn              f - +6 ring of strength
MPRegen  0.09/turn              m - +4 ring of evasion

@: berserking, repel missiles, very quick
A: retaliatory headbutt, horns 2
a: Renounce Religion, Evoke Flight, Berserk, Trog's Hand, Brothers in Arms


You were on level 14 of the Dungeon.
You worshipped Trog.
Trog was exalted by your worship.
You visited 2 branches of the dungeon, and saw 16 of its levels.
You visited 1 bazaar.
You also visited: Bailey.

You collected 1177 gold pieces.
You spent 607 gold pieces at shops.

Inventory:

Hand Weapons
 a - the +10 hand crossbow of Butchery {elec, +Inv rC+ Will++ Int+3}
   (You found it on level 9 of the Dungeon)

   It charges the ammunition it shoots with electricity; occasionally upon a
   hit, such missiles may discharge and cause terrible harm.
   It affects your intelligence (+3).
   It protects you from cold.
   It affects your willpower, your defense against some magical effects.
   It lets you turn invisible.
 b - a +2 hand axe of freezing (weapon)
 c - a +2 dire flail of flaming
 d - a +0 morningstar
 V - the +3 great sword of Undoing {flame, rPois rF+ rC++}
   (Trog gifted it to you on level 13 of the Dungeon)

   It has been specially enchanted to burn those struck by it, causing extra
   injury to most foes and up to half again as much damage against particularly
   susceptible opponents.
   Big, fiery blades are also staple armaments of hydra-hunters.
   It protects you from fire.
   It greatly protects you from cold.
   It protects you from poison.
Missiles
 n - 77 poisoned darts
 A - 142 bolts
 G - a throwing net
 I - 6 atropa-tipped darts
 J - 19 boomerangs (quivered)
 Y - 14 silver boomerangs
Armour
 i - a scarf of repulsion (worn)
 L - the +0 pair of boots of Pantheism (worn) {Will+ Int+4}
   (You acquired it on level 11 of the Dungeon)

   It affects your intelligence (+4).
   It affects your willpower, your defense against some magical effects.
 T - a +0 kite shield
 W - the +1 chain mail "Lits" (worn) {Rampage +Fly rPois MP-9}
   (You bought it in a shop in a bazaar)

   It protects you from poison.
   It affects your magic capacity (-9).
   It lets you fly.
   It bestows one free step when moving towards enemies.
Jewellery
 f - a +6 ring of strength (left hand)
 j - an amulet of faith (around neck)
 l - an uncursed amulet of regeneration
 m - a +4 ring of evasion (right hand)
 N - an uncursed ring of protection from cold
 P - an uncursed ring of poison resistance
Wands
 x - a wand of paralysis (6)
 y - a wand of digging (4)
 K - a wand of polymorph (18)
 M - a wand of iceblast (9)
 O - a wand of flame (43)
Scrolls
 e - 5 scrolls of fear
 h - 7 scrolls of teleportation
 o - a scroll of torment
 p - a scroll of summoning
 q - 2 scrolls of immolation
 r - 4 scrolls of enchant weapon {unknown}
 t - 2 scrolls of noise {unknown}
 u - 2 scrolls of blinking
 E - 5 scrolls of magic mapping
 H - 4 scrolls of enchant armour
 R - 2 scrolls of fog {unknown}
 X - 3 scrolls of amnesia {unknown}
Potions
 g - 2 potions of heal wounds
 k - 8 potions of brilliance {unknown}
 s - 7 potions of flight {unknown}
 w - 3 potions of haste
 z - 2 potions of attraction
 B - 7 potions of ambrosia
 C - 10 potions of curing
 F - a potion of resistance
 S - a potion of mutation
 U - a potion of might
 Z - a potion of lignification
Miscellaneous
 D - a phial of floods
 Q - a tin of tremorstones (2/2)


   Skills:
 + Level 14.2 Fighting
 - Level 12.4(14.0) Axes
 + Level 11.1(13.3) Maces & Flails
 + Level 9.1 Crossbows
 - Level 0.9 Throwing
 + Level 14.1 Armour
 + Level 7.7 Dodging
 + Level 2.7 Stealth
 + Level 1.7 Shields
 + Level 1.7 Evocations


You had 13 spell levels left.
You didn't know any spells.
Your spell library contained the following spells:

 Spells                   Type           Power        Failure   Level
 Corona                   Hex            0%           80%         1
 Sandblast                Erth           0%           80%         1
 Ensorcelled Hibernation  Hex/Ice        0%           90%         2
 Passwall                 Tmut/Erth      0%           90%         2
 Confusing Touch          Hex            0%           99%         3
 Dazzling Flash           Conj/Hex       0%           99%         3
 Stone Arrow              Conj/Erth      0%           99%         3
 Tukima's Dance           Hex            0%           99%         3
 Leda's Liquefaction      Hex/Erth       0%           100%        4
 Petrify                  Tmut/Erth      0%           100%        4
 Bolt of Magma            Conj/Fire/Erth 0%           100%        5
 Lee's Rapid Deconstruct  Erth           0%           100%        5
 Iron Shot                Conj/Erth      0%           100%        6
 Statue Form              Tmut/Erth      0%           100%        6
 Shatter                  Erth           0%           100%        9


Dungeon Overview and Level Annotations

Branches:
Dungeon (15/15)            Temple (1/1) D:5            Lair (0/6) D:8
    Orc (0/2) D:10         Vaults (0/5) D:13         Bailey (visited)
 Depths: D:15

Altars:
Ashenzari
Cheibriados
Dithmenos
Elyvilon
Fedhas
Gozag
Hepliaklqana
Kikubaaqudgha
Makhleb
Nemelex Xobeh
Okawaru
Qazlal
Ru
Sif Muna
Trog
Uskayaw
Vehumet
Wu Jian
Xom
Yredelemnul
Zin
The Shining One
Lugonu

Shops:
D:4 :

Portals:
Trove: D:11 (give +8 demon trident)

Annotations:
D:10 water
D:14 Agnes


Innate Abilities, Weirdness & Mutations

You reflexively headbutt those who attack you in melee.
You have a pair of horns on your head.


Message History

Agnes shares her spectral weapon's damage!
The spectral weapon hits you!
* * * LOW HITPOINT WARNING * * *
Unknown command.
You barely miss Agnes. Your headbutt misses Agnes.
Agnes is moderately wounded.
You hit the spectral weapon.
Agnes shares her spectral weapon's damage!
Agnes hits you with a +2 spectral lajatang!!
* * * LOW HITPOINT WARNING * * *
The spectral weapon completely misses you.
You are too berserk!
You miss Agnes.
Agnes is moderately wounded.
You slice the spectral weapon!!
Agnes shares her spectral weapon's damage!
You freeze the spectral weapon.
The spectral weapon fades away.
Agnes hits you with a +2 spectral lajatang!!
You die...

#..).# ####.# #†# #†#
######<# #......# #
#......# ###'###
##..#.#.#######.......
###...#.#....##.@ie.....
..'.###.###..##.#.......
###.# (.. #....^#.......
#.#######.'.###.....(.
#.≈≈≈≈≈≈≈..## .......
#.#######..# .......
#.#.....#..# .......
#.###.###..# ####### ..
#.# ...#


You could see Agnes (fast) and a deep elf mage.

Vanquished Creatures
  Gastronok (D:8)
  Roxanne (D:14)
  2 vault guards (D:13)
  6 centaur warriors
  8 two-headed ogres
  An orc high priest (Bailey)
  A tengu warrior (D:13)
  An unseen horror (D:9)
  A wizard (D:13)
  An orc knight (Bailey)
  Pikel (D:5)
  A necromancer (D:13)
  10 ugly things
  A deep elf mage (D:13)
  A manticore (D:14)
  3 cyclopes
  A kobold demonologist (D:13)
  3 trolls
  A queen bee (D:13)
  A meliai (D:13)
  Sigmund (D:5)
  A wraith (D:14)
  9 yaks
  20 humans (D:13)
  A basilisk (D:14)
  3 vampire mosquitoes (D:12)
  3 wargs (D:8)
  A soldier ant (D:12)
  12 orc warriors
  8 sky beasts
  4 ice beasts
  A black bear (D:10)
  3 phantoms
  A wolf (D:10)
  4 ogres
  26 centaurs
  5 big kobolds
  7 bullfrogs
  A wyvern zombie (D:9)
  A small abomination (D:9)
  A wyvern skeleton (D:8)
  5 scorpions
  8 killer bees
  A howler monkey (D:4)
  13 wights
  6 electric eels
  2 bullfrog zombies
  2 centaur zombies
  2 centaur skeletons
  3 hounds
  9 jellies
  A wyvern simulacrum (D:10)
  10 orc wizards
  A quasit (D:12)
  8 orc priests
  3 bullfrog skeletons
  3 iron imps (D:9)
  4 iguanas
  Terence (D:3)
  12 worker ants
  A centaur simulacrum (D:10)
  3 hound skeletons
  2 worker ant zombies
  17 gnolls
  2 howler monkey skeletons (D:6)
  22 adders
  A shadow imp (D:7)
  6 white imps
  A worker ant simulacrum (D:10)
  An ooze (D:4)
  3 worms (D:3)
  An adder skeleton (D:3)
  2 dart slugs
  7 leopard geckos
  31 orcs
  2 ball pythons (D:1)
  13 bats
  6 giant cockroaches
  22 goblins
  14 hobgoblins
  5 jackals
  3 quokkas
  A frilled lizard (D:1)
  A jackal zombie (D:6)
  35 kobolds
  A leopard gecko zombie (D:7)
  A quokka skeleton (D:9)
  8 rats
465 creatures vanquished.

Vanquished Creatures (collateral kills)
  An ugly thing (D:9)
  2 meliai (D:13)
  2 small abominations (D:9)
  12 killer bees (D:13)
17 creatures vanquished.

Vanquished Creatures (others)
  An orc warrior (D:13)
1 creature vanquished.

Grand Total: 483 creatures vanquished

Notes
Turn   | Place    | Note
-------+----------+-------------------------------------------
     0 | D:1      | snetch the Minotaur Berserker began the quest for the Orb.
     0 | D:1      | Reached XP level 1. HP: 19/19 MP: 0/0
    43 | D:2      | Reached XP level 2. HP: 22/27 MP: 1/1
   301 | D:1      | Reached XP level 3. HP: 29/33 MP: 2/2
   576 | D:1      | Reached ** piety under Trog
  1158 | D:2      | Found a faded altar of an unknown god.
  1244 | D:2      | Reached XP level 4. HP: 11/41 MP: 3/3
  2207 | D:3      | Noticed an ice beast
  2214 | D:3      | Killed an ice beast
  2215 | D:3      | Reached skill level 5 in Axes
  2215 | D:3      | Reached XP level 5. HP: 32/47 MP: 4/4
  2384 | D:3      | Noticed Terence
  2394 | D:3      | Killed Terence
  2395 | D:3      | Reached skill level 5 in Fighting
  2568 | D:4      | Reached XP level 6. HP: 33/56 MP: 5/5
  2743 | D:3      | Reached skill level 1 in Stealth
  2986 | D:3      | Found an iron altar of Okawaru.
  2986 | D:3      | Found a radiant altar of Vehumet.
  3066 | D:3      | Noticed a sky beast
  3072 | D:3      | Killed a sky beast
  3073 | D:3      | Reached skill level 1 in Maces & Flails
  3136 | D:3      | Reached *** piety under Trog
  3347 | D:3      | Reached skill level 5 in Armour
  3347 | D:3      | Reached XP level 7. HP: 61/61 MP: 6/6
  3921 | D:5      | Entered Level 5 of the Dungeon
  4161 | D:4      | Found Fuelaela's Book Boutique.
  4617 | D:5      | Noticed Sigmund
  4636 | D:5      | Killed Sigmund
  4637 | D:5      | Reached skill level 5 in Maces & Flails
  4637 | D:5      | Reached XP level 8. HP: 61/70 MP: 7/7
  4785 | D:5      | Noticed Pikel
  4800 | D:5      | Killed Pikel
  5643 | D:5      | Found a staircase to the Ecumenical Temple.
  5673 | Temple   | Entered the Ecumenical Temple
  5969 | D:5      | Found a shimmering altar of Xom.
  6191 | D:6      | Reached XP level 9. HP: 77/79 MP: 8/8
  6388 | D:6      | Reached **** piety under Trog
  7082 | D:6      | Found an opulent altar of Gozag.
  7083 | D:6      | Found a sparkling altar of Nemelex Xobeh.
  7741 | D:7      | Found a broken altar of Ashenzari.
  7916 | D:7      | Reached skill level 10 in Maces & Flails
  8039 | D:8      | HP: 2/82 [warg (8)]
  8047 | D:8      | Reached ***** piety under Trog
  8249 | D:7      | Reached XP level 10. HP: 90/90 MP: 9/9
  8741 | D:8      | Found a hide-covered altar of Uskayaw.
  8920 | D:8      | Noticed Gastronok
  8939 | D:8      | Killed Gastronok
  9039 | D:8      | Found a hazy altar of Hepliaklqana.
  9227 | D:8      | Found a staircase to the Lair.
  9273 | D:9      | Noticed a two-headed ogre
  9280 | D:9      | Killed a two-headed ogre
  9281 | D:9      | Reached skill level 10 in Armour
  9565 | D:8      | Noticed a two-headed ogre
  9570 | D:8      | Killed a two-headed ogre
  9571 | D:8      | Reached XP level 11. HP: 83/97 MP: 10/10
 10315 | D:9      | Reached XP level 12. HP: 110/110 MP: 11/11
 10366 | D:10     | Entered Level 10 of the Dungeon
 10479 | D:10     | Received a gift from Trog
 10538 | D:10     | Found a staircase to the Orcish Mines.
 10696 | D:9      | Found a transporter.
 10698 | D:9      | Found a corrupted altar of Lugonu.
 10926 | D:9      | Found a burning altar of Makhleb.
 10941 | D:9      | Reached skill level 10 in Axes
 10971 | D:9      | Found a transporter.
 11030 | D:9      | Got a twisted hand crossbow
 11555 | D:11     | Noticed a two-headed ogre
 11561 | D:11     | Killed a two-headed ogre
 11577 | D:11     | Found a flickering gateway to a bazaar.
 11595 | D:11     | Identified the +10 hand crossbow of Butchery {elec, +Inv
                  | rC+ Will++ Int+3} (You found it on level 9 of the Dungeon)
 11603 | Bazaar   | Entered a bazaar
 11603 | Bazaar   | Found Darumm's Distillery.
 11603 | Bazaar   | Found Gudeam's Book Emporium.
 11607 | Bazaar   | Found Gocuhuwk's Antique Weapon Shoppe.
 11611 | Bazaar   | Bought 2 potions of curing for 90 gold pieces
 11621 | Bazaar   | Found Tiad's General Store.
 11629 | Bazaar   | Bought a scroll of teleportation for 21 gold pieces
 11629 | Bazaar   | Bought the cursed +1 chain mail "Lits" {Rampage +Fly rPois
                  | MP-9} for 45 gold pieces
 11629 | Bazaar   | Bought a scroll of magic mapping for 24 gold pieces
 11629 | Bazaar   | Bought a scroll of enchant armour for 52 gold pieces
 11639 | Bazaar   | Bought a potion of heal wounds for 75 gold pieces
 11639 | Bazaar   | Bought 2 potions of curing for 90 gold pieces
 11639 | Bazaar   | Bought a potion of might for 60 gold pieces
 11647 | Bazaar   | Bought a potion of resistance for 150 gold pieces
 11688 | D:11     | Found a flagged portal.
 11699 | D:11     | Reached skill level 1 in Crossbows
 11727 | Bailey   | Entered a bailey
 11967 | Bailey   | Found an iron altar of Okawaru.
 12044 | Bailey   | Noticed an orc high priest
 12056 | Bailey   | Killed an orc high priest
 12611 | D:11     | Acquired the +0 pair of boots of Pantheism {Will+ Int+4}
 12853 | D:11     | Reached skill level 1 in Evocations
 13150 | D:11     | Reached ****** piety under Trog
 13329 | D:11     | Found a portal to a secret trove of treasure.
 13494 | D:11     | Noticed a two-headed ogre
 13503 | D:11     | Killed a two-headed ogre
 14286 | D:12     | Reached skill level 1 in Shields
 14288 | D:12     | Reached XP level 13. HP: 118/118 MP: 3/12
 14331 | D:12     | Received a gift from Trog
 14771 | D:13     | Reached skill level 5 in Crossbows
 15757 | D:13     | Found a gate to the Vaults.
 15774 | D:13     | Received a gift from Trog
 15813 | D:13     | Got an ichor-stained great sword {god gift}
 16504 | D:13     | Identified the +3 great sword of Undoing {flame, rPois rF+
                  | rC++} (Trog gifted it to you on level 13 of the Dungeon)
 16903 | D:15     | Entered Level 15 of the Dungeon
 17010 | D:14     | Noticed Roxanne
 17039 | D:14     | Killed Roxanne
 17338 | D:14     | Reached XP level 14. HP: 130/130 MP: 4/13
 17590 | D:14     | Noticed Agnes
 17602 | D:14     | Mangled by Agnes

Illustrated notes

Levels and vault maps discovered:
D:1:      dpeg_arrival_lava_temple_mockup, layout_basic
D:2:      layout_loops_ring, chequers_ecumenical_altar_twisty,
          minmay_goblin_outpost
D:3:      minmay_bubble_buster, layout_basic,
          gammafunk_temple_overflow_elements, minmay_misc_feat_x,
          minmay_cut_off, uniq_terence
D:4:      layout_basic, serial_shops, kennysheep_mini
D:5:      layout_basic, marbit_many_paths, temple_green, uniq_sigmund,
          uniq_pikel
D:6:      layout_basic, grunt_temple_overflow_opulence,
          kennysheep_generic_room_13
D:7:      layout_rooms, nicolae_ashenzari_panopticon
D:8:      layout_loops_corners, nzn_hepliaklqana_mist_gate,
          nicolae_overflow_hidden_temple, erik_lair_orcish_takeover,
          grunt_ministairs_5, grunt_decor_one_mirror, uniq_gastronok
D:9:      gammafunk_corrupted_shrine, layout_rooms, demons_altar,
          minmay_misc_feat_square, minmay_unpleasant_kobolds
D:10:     layout_rooms, orc_0_dummy, serial_ice, serial_ice_n, serial_ice_k,
          serial_ice_d, serial_ice_b
D:11:     layout_stronghold, serial_shops, bzr_entry_lakeside, enter_trove_3,
          enter_bailey_5
D:12:     layout_stronghold
D:13:     layout_roguey [special_room_bee], grunt_vaults_entry_tiered
D:14:     layout_roguey, minmay_large_rounded_square, grunt_decor_cap,
          uniq_agnes, uniq_josephine, uniq_roxanne
D:15:     gammafunk_depths_entry_grave, layout_layer_cave,
          nicolae_dithmenos_through_a_glass_darkly, pond
Temple:   nicolae_temple_figure_eight

Skill      XL: |  1  2  3  4  5  6  7  8  9 10 11 12 13 14 |
---------------+-------------------------------------------+-----
Fighting       | 4 5 6 7 8 9 11 12 13 14 | 14.2
Axes           | 4 5 9 11 12 | 12.4
Armour         | 3 5 6 7 8 10 12 13 14 | 14.1
Dodging        | 3 4 7 |  7.7
Stealth        | 1 2 |  2.7
Maces & Flails | 2 5 8 10 11 | 11.1
Crossbows      | 4 8 9 |  9.1
Evocations     | 1 |  1.7
Shields        | 1 |  1.7
Throwing       | |  0.9

Action                   |  1- 3 |  4- 6 |  7- 9 | 10-12 | 13-15 || total
-------------------------+-------+-------+-------+-------+-------++-------
Melee: Hand axe          |    90 |    36 |    24 |   390 |   221 ||   761
       Headbutt          |    11 |    23 |    69 |   111 |    59 ||   273
       Flail             |       |    61 |   128 |       |       ||   189
       Morningstar       |       |       |   102 |       |       ||   102
       Great sword       |       |       |       |       |     2 ||     2
 Fire: Hand crossbow     |       |       |       |    55 |   128 ||   183
Throw: Dart              |       |     5 |       |       |       ||     5
       Stone             |       |     1 |       |       |       ||     1
Invok: Trog's Hand       |     1 |     1 |     1 |     1 |     2 ||     6
       Berserk           |       |       |     1 |     2 |     2 ||     5
       Brothers in Arms  |       |       |       |     1 |     1 ||     2
 Abil: Evoke Flight      |       |       |       |     8 |       ||     8
  Use: Potion            |       |       |     1 |     1 |       ||     2
       Scroll            |       |       |       |    14 |     4 ||    18
Armor: Leather armour    |    19 |    12 |       |       |       ||    31
       Scale mail        |       |    13 |       |       |       ||    13
       Chain mail        |       |    21 |    77 |    33 |    86 ||   217
       Plate armour      |       |       |    28 |    69 |       ||    97
Dodge: Dodged            |    75 |    66 |   194 |   201 |   214 ||   750
       Repelled          |       |       |       |     4 |     2 ||     6
Block: Tower shield      |       |       |       |    33 |       ||    33
       Rpst.: Great sword |       |       |       |       |     1 ||     1
